 Dungeon Crawl Stone Soup version 0.29.1-13-g9f3cf754e1 (webtiles) character file.

Game seed: 9656786126352587617

1728 unlimited1921 the Magician (level 9, -3/58 HPs)
             Began as a Djinni Fire Elementalist on Jan 30, 2023.
             Was a Follower of the Shining One.
             Shot with a sling bullet by Joseph (16 damage)
             ... on level 7 of the Dungeon.
             The game lasted 00:27:33 (13557 turns).

unlimited1921 the Magician (DjFE)                  Turns: 13557, Time: 00:27:35

Health: -3/58      AC:  4    Str:  7    XL:     9   Next: 25%
Gold:   88         EV: 12    Int: 22    God:    the Shining One [*.....] SH:  0 Dex: 13

rFire   + + .      SeeInvis +   s - +0 shortbow
rCold   x . .      Faith    +   (shield currently unavailable)
rNeg    . . .      Spirit   .   b - +0 leather armour
rPois   ∞          Reflect  .   (no helmet)
rElec   .          Harm     .   y - scarf {repulsion}
rCorr   +          Rampage  .   i - +0 pair of gloves
Will    .....                   (boots unavailable)
Stlth   +.........              C - amulet of faith
HPRegen 0.19/turn               g - ring of resist corrosion
MPRegen 0.00/turn               v - ring of see invisible

@: flying, glowing, repel missiles
A: sickness immunity, fire resistance 2, cold vulnerability 1, float, innate
caster, HP casting, extra vitality 1
a: Renounce Religion, Divine Shield


You were on level 7 of the Dungeon.
You worshipped the Shining One.
The Shining One was aware of your devotion.
You visited 2 branches of the dungeon, and saw 8 of its levels.

You collected 353 gold pieces.
You spent 265 gold pieces at shops.

Inventory:

Hand Weapons
 s - a +0 shortbow (weapon)
Armour
 a - a +0 robe
 b - a +0 leather armour (worn)
 i - a +0 pair of gloves (worn)
 y - a scarf of repulsion (worn)
Jewellery
 g - a ring of resist corrosion (left hand)
 n - a ring of resist corrosion
 v - a ring of see invisible (right hand)
 C - an amulet of faith (around neck)
Wands
 A - a wand of roots (10)
Scrolls
 e - a scroll of noise {unknown}
 h - 2 scrolls of vulnerability {unknown}
 j - 2 scrolls of magic mapping
 l - a scroll of blinking
 m - a scroll of silence
 o - 2 scrolls of teleportation
 z - a scroll of brand weapon {unknown}
 B - a scroll of poison {unknown}
 D - 2 scrolls of identify
 E - a scroll of torment {unknown}
Potions
 c - a potion of cancellation
 d - 2 potions of brilliance {unknown}
 f - a potion of magic {unknown}
 k - a potion of heal wounds {unknown}
 p - 3 potions of berserk rage {unknown}
 q - 5 potions of curing {unknown}
 r - 3 potions of ambrosia {unknown}
 t - 4 potions of attraction {unknown}
 u - 2 potions of mutation {unknown}
 w - a potion of might {unknown}
 x - a potion of haste {unknown}


   Skills:
 + Level 2.2 Fighting
 + Level 0.3 Short Blades
 + Level 2.7 Ranged Weapons
 + Level 2.2 Armour
 + Level 4.0 Dodging
 + Level 3.7 Stealth
 * Level 7.1 Spellcasting


You couldn't memorise any spells.
You knew the following spells:

 Your Spells              Type           Power      Damage    Failure   Level
a - Foxfire               Conj/Fire      100%       2x1d9     1%          1
b - Scorch                Fire           78%        2d9       1%          2
c - Conjure Flame         Conj/Fire      39%        6-21      1%          3
d - Inner Flame           Hex/Fire       39%        N/A       1%          3
e - Flame Wave            Conj/Fire      39%        2d11      6%          4
f - Necrotise             Necr           100%       1d9       1%          1
g - Blink                 Tloc           78%        N/A       1%          2
h - Ozocubu's Armour      Ice            39%        N/A       1%          3
i - Iskenderun's Mystic   Conj/Tloc      39%        2d9       6%          4
Your spell library was empty.

Dungeon Overview and Level Annotations

Branches:
Dungeon (7/15)             Temple (1/1) D:4

Altars:
Ashenzari
Elyvilon
Fedhas
Hepliaklqana
Makhleb
Nemelex Xobeh
Okawaru
Qazlal
Trog
Uskayaw
Xom
Yredelemnul
Zin
The Shining One

Shops:
D:3 *   D:5 *

Annotations:
D:5 2 transporters, BiteMe's ghost, novice DsFE
D:7 Joseph


Innate Abilities, Weirdness & Mutations

You are immune to sickness and miasma.
You are immune to poison.
Your flesh is very heat resistant. (rF++)
You are vulnerable to cold. (rC-)
You float through the air rather than walking.
You learn spells naturally, not from books.
Your magical power is your life essence.
You have superior vitality. (+4 MHP)


Message History

Joseph shoots a sling bullet.
The sling bullet hits you.
Casting: Scorch (safe; 1% risk of failure)
Confirm with . or Enter, or press ? or * to list all spells.
You conjure some foxfire!
Joseph shoots a sling bullet.
The sling bullet closely misses you.
Casting: Foxfire (safe; 1% risk of failure)
Confirm with . or Enter, or press ? or * to list all spells.
You conjure some foxfire!
The foxfire hits the wight.
Flame seeps out of the wight.
The wight is lightly damaged.
The foxfire hits the wight.
Flame seeps out of the wight.
The wight is moderately damaged.
The wight is engulfed in blazing flames.
Flame seeps out of the wight.
The foxfire hits the wight.
The Shining One accepts your kill.
You feel better.
The wight explodes!
The fiery explosion engulfs your foxfire.
Your foxfire completely resists.
The foxfire hits the wight!
The wight is heavily damaged.
Your Fighting skill increases to level 2!
Casting: Foxfire (safe; 1% risk of failure)
Confirm with . or Enter, or press ? or * to list all spells.
You conjure some foxfire!
The foxfire hits Joseph.
Flame seeps out of Joseph.
Joseph is lightly wounded.
The foxfire hits Joseph.
Flame seeps out of Joseph.
Joseph is lightly wounded.
Joseph is engulfed in blazing flames.
Flame seeps out of Joseph.
Joseph shoots a sling bullet.
The sling bullet hits you!!
* * * LOW HITPOINT WARNING * * *
Casting: Foxfire (safe; 1% risk of failure)
Confirm with . or Enter, or press ? or * to list all spells.
You conjure some foxfire!
* * * LOW HITPOINT WARNING * * *
Joseph is engulfed in blazing flames.
Flame seeps out of Joseph.
Joseph shoots a sling bullet.
The sling bullet hits you!
You die...

####### ######### ##.....#
#.......# ...##.####
#.......#
...#.....####...vv§§###...
...#..##........@.§○).....
.....###......#####@§○....
..##.###...)..# .......
..##.#...##...# .......
.............>.. ......#
.......####...... ......#
.......#......###. .####..
###....#.#..... .. #.
##...#......


You could see Joseph (inner flame, ally target).

Vanquished Creatures
  Grinder (D:5)
  Prince Ribbit (D:6)
  An ice beast (D:6)
  3 ogres
  A centaur (D:5)
  4 scorpions
  3 wights (D:7)
  A howler monkey (D:6)
  A crimson imp (D:2)
  A jelly (D:4)
  2 orc priests
  2 hounds
  2 iguanas
  An orc wizard (D:6)
  3 gnolls (D:3)
  9 adders
  A shadow imp (D:6)
  3 ufetubi
  A worm (D:4)
  2 dart slugs (D:4)
  17 orcs
  4 ball pythons
  2 bats
  5 endoplasms
  2 giant cockroaches
  7 goblins
  7 hobgoblins
  4 quokkas
  A frilled lizard (D:1)
  7 kobolds
  6 rats
105 creatures vanquished.

Vanquished Creatures (collateral kills)
  12 foxfires (D:3)
12 creatures vanquished.

Vanquished Creatures (others)
  457 foxfires
  14 plants
  10 withered plants (D:1)
481 creatures vanquished.

Grand Total: 598 creatures vanquished

Notes
Turn   | Place    | Note
-------+----------+-------------------------------------------
     0 | D:1      | unlimited1921 the Djinni Fire Elementalist began the quest
                  | for the Orb.
     0 | D:1      | unlimited1921 set off with the following spells memorised:
                  | Foxfire, Scorch, Conjure Flame, Inner Flame, Flame Wave.
     0 | D:1      | Reached XP level 1. HP: 15/15 MP: 0/0
   890 | D:1      | Reached XP level 2. HP: 14/21 MP: 0/0
  1616 | D:1      | Found a faded altar of an unknown god.
  1948 | D:2      | Reached skill level 3 in Spellcasting
  1950 | D:2      | Reached XP level 3. HP: 20/25 MP: 0/0
  1950 | D:2      | Learned a level 1 spell: Necrotise
  3002 | D:3      | Reached XP level 4. HP: 21/31 MP: 0/0
  3794 | D:3      | Found Ketuorebeng's Assorted Antiques.
  3800 | D:3      | Bought 2 red potions for 34 gold pieces
  3800 | D:3      | Bought a scroll labelled LOUWIL YLIGOST for 19 gold pieces
  3800 | D:3      | Bought a fuming coppery potion for 17 gold pieces
  3898 | D:3      | Found a burning altar of Makhleb.
  4170 | D:3      | Reached XP level 5. HP: 30/35 MP: 0/0
  4170 | D:3      | Learned a level 2 spell: Blink
  4428 | D:3      | Found a white marble altar of Elyvilon.
  4459 | D:3      | Found a hide-covered altar of Uskayaw.
  6616 | D:4      | Reached skill level 4 in Spellcasting
  6616 | D:4      | Reached XP level 6. HP: 31/41 MP: 0/0
  7363 | D:4      | Found a staircase to the Ecumenical Temple.
  9392 | Temple   | Entered the Ecumenical Temple
  9616 | Temple   | Became a worshipper of the Shining One
  9664 | D:5      | Entered Level 5 of the Dungeon
  9667 | D:5      | Reached XP level 7. HP: 44/46 MP: 0/0
  9667 | D:5      | Learned a level 3 spell: Ozocubu's Armour
  9685 | D:5      | Reached skill level 5 in Spellcasting
 10281 | D:5      | Noticed Grinder
 10291 | D:5      | Killed Grinder
 10292 | D:5      | Reached skill level 6 in Spellcasting
 10292 | D:5      | Reached XP level 8. HP: 36/51 MP: 0/0
 10414 | D:5      | Noticed a small abomination
 10423 | D:5      | Found a transporter.
 10466 | D:5      | Noticed BiteMe's ghost (novice DsFE)
 10507 | D:5      | Found Huerphun's Neck Hole.
 10519 | D:5      | Bought a scarf of repulsion for 144 gold pieces
 10596 | D:5      | Reached skill level 1 in Fighting
 11034 | D:5      | Found a transporter.
 11645 | D:6      | Reached skill level 1 in Ranged Weapons
 11647 | D:6      | Reached skill level 1 in Armour
 12066 | D:6      | Reached * piety under the Shining One
 12844 | D:6      | Noticed Prince Ribbit
 12855 | D:6      | Killed Prince Ribbit
 12856 | D:6      | Reached XP level 9. HP: 52/57 MP: 0/0
 12856 | D:6      | Learned a level 4 spell: Iskenderun's Mystic Blast
 13356 | D:3      | Bought 2 fizzy emerald potions for 34 gold pieces
 13356 | D:3      | Bought a dark potion for 17 gold pieces
 13539 | D:7      | Noticed Joseph
 13550 | D:7      | Reached skill level 7 in Spellcasting
 13557 | D:7      | Shot with a sling bullet by Joseph

Illustrated notes

Levels and vault maps discovered:
D:1:      dpeg_arrival_boxorama, layout_basic,
          shapermc_ecumenical_altar_flowoftime, minmay_misc_feat_iff
D:2:      layout_basic, minmay_misc_feat_chi
D:3:      corexii_shack_village, layout_loops_ring,
          grunt_temple_overflow_lords_of_destruction,
          mainiacjoe_overflow_catwalk_spiral, serial_shops,
          nicolae_shop_behind_doors
D:4:      layout_basic, minmay_temple_entry_mist, moated_statue,
          grunt_decor_one_mirror
D:5:      layout_basic, gammafunk_ghost_abyssal_escape,
          nicolae_shop_sticking_my_neck_out, uniq_grinder
D:6:      layout_basic, uniq_edmund, uniq_prince_ribbit1
D:7:      layout_basic, lemuel_mausoleum_altar_kikubaaqudgha,
          old_standard_altar, uniq_menkaure, uniq_joseph
Temple:   nicolae_temple_slightly_damp_pantheon

Skill      XL: |  1  2  3  4  5  6  7  8  9 |
---------------+----------------------------+-----
Spellcasting   | 3 4 6 7 |  7.1
Stealth        | 2 3 |  3.7
Dodging        | 3 4 |  4.0
Fighting       | 1 2 |  2.2
Ranged Weapons | 2 |  2.7
Armour         | 1 2 |  2.2
Short Blades   | |  0.3

Action                   |  1- 3 |  4- 6 |  7- 9 || total
-------------------------+-------+-------+-------++-------
Melee: Unarmed           |    42 |       |       ||    42
       Punch             |     3 |       |       ||     3
       Dagger            |       |    21 |       ||    21
       Whip              |       |     5 |       ||     5
 Fire: Shortbow          |       |       |    47 ||    47
 Cast: Foxfire           |    53 |   182 |    57 ||   292
       Inner Flame       |     1 |     6 |    19 ||    26
       Necrotise         |       |     2 |       ||     2
       Scorch            |       |     7 |    11 ||    18
       Iskenderun's Myst |       |       |     4 ||     4
  Use: Scroll            |       |     4 |     1 ||     5
Armor: Robe              |     1 |    12 |       ||    13
       Leather armour    |       |       |    11 ||    11
Dodge: Dodged            |     6 |    38 |    33 ||    77
